Map: Kairos Junction LE

Players

GunGFuBanDa

  • Race: Protoss Protoss
  • League: Grandmaster
  • Spawn Location: 5:00

Lambo - Winner!

  • Race: Zerg Zerg
  • League: Grandmaster
  • Spawn Location: 11:00

VOD

Have the link to the VOD?

Description

Time

  • Played on: Dec. 15, 2018, 9:58 a.m.
  • Length: 17:55
Show
View Real Time Build Order
Export as new Build Order

GunGFuBanDa Protoss 

Build Orders: 1 Gate Expand, Chargelot Immortal, Mass Phoenix 

Get SALT Encoding   

  12  0:01  Probe  
  13  0:13  Probe  
  14  0:19  Pylon  
  14  0:25  Probe  
  15  0:33  Probe  
  15  0:38  Gateway  
  15  0:41  Probe  
  16  0:48  Assimilator  
  17  0:52  Probe  
  18  1:04  Probe  
  19  1:16  Probe  
  20  1:23  Nexus  
  20  1:33  Cybernetics Core  
  20  1:36  Probe  
  21  1:43  Assimilator  
  21  1:48  Probe  
  21  1:52  Pylon  
  22  2:00  Probe  
  23  2:02  Adept  
  23  2:10  Warp Gate  
  23  2:12  Probe  
  26  2:24  Probe  
  26  2:28  Twilight Council  
  27  2:31  Probe  
  27  2:32  Probe  
  27  2:34  Stalker  
  31  2:41  Probe x2  
  33  2:51  Probe  
  33  2:52  Probe  
  35  3:02  Probe  
  35  3:04  Adept, Probe  
  38  3:05  Resonating Glaives  
  38  3:10  Probe  
  38  3:16  Probe  
  38  3:18  Probe  
  41  3:28  Gateway  
  41  3:29  Probe  
  41  3:30  Pylon  
  41  3:33  Probe  
  43  3:37  Probe  
  43  3:38  Stargate  
  43  3:41  Assimilator  
  43  3:43  Assimilator  
  43  3:47  Probe  
  45  3:48  Probe  
  45  3:51  Pylon  
  46  4:00  Stargate, Probe  
  46  4:01  Probe  
  48  4:08  Pylon  
  48  4:12  Probe  
  48  4:13  Zealot  
  51  4:17  Probe  
  51  4:22  Phoenix  
  54  4:24  Probe  
  54  4:29  Adept  
  57  4:34  Nexus  
  57  4:38  Phoenix, Pylon  
  57  4:41  Phoenix  
  57  4:43  Probe  
  62  4:56  Phoenix  
  62  4:58  Sentry  
  64  5:00  Shield Battery  
  64  5:04  Probe, Phoenix  
  69  5:15  Phoenix  
  69  5:17  Probe  
  69  5:18  Adept  
  74  5:24  Probe  
  74  5:28  Pylon  
  75  5:29  Probe, Phoenix  
  78  5:36  Robotics Facility  
  78  5:42  Pylon  
  78  5:45  Robotics Facility  
  78  5:46  Probe  
  78  5:47  Probe  
  79  5:50  Phoenix  
  79  5:54  Probe x2  
  83  5:58  Probe  
  85  6:06  Probe  
  86  6:12  Probe x2  
  86  6:13  Sentry, Immortal, Zealot  
  92  6:18  Probe  
  92  6:19  Pylon  
  92  6:24  Probe  
  99  6:25  Probe  
  99  6:33  Twilight Council  
  99  6:34  Forge  
  99  6:37  Probe x2  
  99  6:39  Gateway  
  101  6:41  Gateway  
  101  6:42  Immortal  
  101  6:44  Observer  
  101  6:45  Assimilator  
  102  6:48  Assimilator  
  104  6:55  Immortal  
  104  7:04  Pylon  
  104  7:08  Protoss Ground Weapons Level 1  
  108  7:09  Charge  
  108  7:10  Probe  
  108  7:11  Probe  
  108  7:15  Immortal, Photon Cannon  
  110  7:18  Pylon  
  110  7:19  Templar Archives  
  114  7:32  Zealot x2  
  114  7:35  Immortal  
  122  7:44  Gateway  
  122  7:46  Gateway  
  122  7:47  Gateway  
  122  7:51  Gateway  
  122  8:00  Psionic Storm  
  122  8:02  Immortal  
  122  8:04  Zealot  
  128  8:07  Pylon  
  128  8:08  Pylon  
  128  8:12  Pylon  
  128  8:14  Immortal  
  130  8:21  High Templar  
  130  8:27  Photon Cannon x2  
  130  8:41  Immortal, High Templar x2, Protoss Ground Weapons Level 2  
  130  8:44  Pylon  
  130  8:45  Probe  
  139  8:53  Immortal  
  143  9:02  Gateway  
  141  9:08  Pylon x2  
  141  9:13  High Templar x2  
  141  9:16  Immortal  
  141  9:32  Zealot x2  
  141  9:34  Immortal  
  131  9:49  High Templar  
  131  9:51  High Templar x2  
  131  9:52  Zealot x3  
  143  9:54  Warp Prism  
  143  9:56  Shield Battery  
  143  9:57  Archon, Pylon  
  145  10:06  Nexus  
  145  10:08  Pylon  
  137  10:16  Immortal  
  137  10:18  Zealot x3  
  137  10:19  Zealot x3  
  150  10:37  High Templar  
  150  10:38  Photon Cannon  
  150  10:39  Archon, High Templar, Photon Cannon  
  150  10:40  Observer, High Templar x2  
  150  10:41  Photon Cannon  
  154  10:43  Shield Battery  
  154  10:49  Immortal  
  151  10:52  Shield Battery  
  151  10:54  Pylon  
  151  10:55  Zealot x5  
  165  10:59  Assimilator  
  165  11:02  Assimilator  
  165  11:05  Immortal  
  165  11:07  Protoss Ground Weapons Level 3  
  169  11:11  High Templar  
  169  11:27  Zealot x8  
  183  11:37  Fleet Beacon  
  177  11:42  Probe  
  164  11:54  High Templar  
  151  11:55  High Templar  
  151  11:56  Nexus  
  151  11:59  Zealot x3  
  149  12:28  High Templar x2  
  149  12:29  High Templar  
  130  12:37  Immortal x2  
  130  12:39  Tempest  
  130  12:41  Tempest  
  104  13:00  Sentry, Zealot x3  
  112  13:10  Observer  
  112  13:11  Immortal  
  112  13:12  Photon Cannon x2, Zealot x4  
  117  13:28  Archon  
  97  13:40  Zealot x2  
  83  13:44  Zealot x5  
  82  13:51  Tempest  
  82  13:52  Tempest  
  80  13:57  Immortal  
  90  14:07  High Templar  
  90  14:08  High Templar  
  90  14:12  High Templar  
  90  14:16  Zealot x4  
  100  14:22  Cybernetics Core  
  100  14:27  Probe  
  100  14:28  Immortal  
  103  14:49  Tempest, Zealot x7  
  92  15:14  Zealot x7  
  92  15:16  Tempest  
  103  15:39  High Templar x2  
  89  16:02  Tempest  
  87  16:07  Zealot x5  
  102  16:22  Archon  
  102  16:24  Zealot x2  
  106  16:28  Tempest  
  106  16:32  Zealot x5  
  92  16:46  High Templar  
  92  16:48  Probe  
  93  16:55  Zealot x5  
  78  17:04  Tempest  
  73  17:13  Zealot  
  74  17:25  Pylon  
  70  17:30  Zealot  
  70  17:31  Zealot x3  
Show
View Real Time Build Order
Export as new Build Order

Lambo Zerg - Winner!

Build Orders: Hatch First, Swarm Host 

Get SALT Encoding   

  12  0:00  Drone  
  13  0:12  Overlord  
  13  0:17  Drone  
  14  0:31  Drone x2  
  16  0:48  Hatchery  
  15  0:52  Drone  
  15  0:55  Drone  
  17  0:58  Drone  
  18  1:09  Extractor  
  17  1:14  Spawning Pool  
  17  1:17  Drone  
  17  1:20  Drone  
  18  1:28  Drone  
  19  1:39  Drone  
  20  1:51  Overlord  
  20  2:00  Queen x2  
  24  2:01  Zergling x4  
  26  2:10  Metabolic Boost  
  26  2:11  Drone  
  26  2:12  Drone  
  28  2:23  Drone x2  
  30  2:35  Hatchery  
  29  2:41  Drone  
  29  2:46  Drone  
  29  2:49  Queen  
  32  2:52  Overlord  
  32  2:54  Drone  
  32  2:58  Drone  
  34  2:59  Drone  
  35  3:10  Zergling x4  
  36  3:14  Drone  
  36  3:17  Drone x6  
  43  3:22  Overlord  
  43  3:34  Drone  
  43  3:41  Drone x3  
  47  3:43  Lair  
  47  3:45  Roach Warren, Queen  
  47  3:47  Extractor  
  48  3:48  Drone  
  48  3:51  Drone x2  
  50  3:56  Drone  
  50  3:57  Overlord  
  50  4:00  Drone x2  
  53  4:05  Drone x2  
  53  4:07  Overlord  
  55  4:12  Drone x2  
  55  4:16  Drone x3  
  60  4:18  Queen  
  60  4:21  Overlord  
  62  4:28  Overlord  
  62  4:30  Roach x2  
  66  4:34  Roach x2  
  70  4:39  Roach  
  70  4:40  Roach x2  
  70  4:41  Overseer  
  70  4:45  Overlord  
  76  4:47  Extractor  
  76  4:49  Drone x4  
  79  4:53  Overseer  
  79  4:56  Roach  
  79  4:57  Roach  
  79  4:58  Drone x2  
  86  5:00  Drone x2  
  87  5:08  Overlord  
  87  5:10  Drone x3  
  87  5:12  Spore Crawler  
  89  5:16  Spore Crawler  
  89  5:17  Drone x2  
  90  5:26  Queen x3  
  95  5:28  Spore Crawler  
  95  5:30  Spore Crawler  
  95  5:32  Drone x4  
  95  5:35  Overlord  
  97  5:37  Glial Reconstitution  
  97  5:42  Overlord, Extractor  
  96  5:43  Spore Crawler  
  96  5:45  Hydralisk Den  
  94  5:52  Overlord  
  94  5:53  Drone x4  
  94  5:55  Overlord  
  94  5:56  Overlord  
  98  5:58  Extractor  
  98  5:59  Extractor  
  98  6:00  Drone x4  
  98  6:01  Queen  
  98  6:09  Drone x4  
  100  6:15  Drone  
  101  6:19  Drone x2  
  101  6:21  Infestation Pit  
  101  6:24  Grooved Spines  
  102  6:28  Drone x2  
  104  6:45  Hatchery  
  104  6:46  Drone  
  102  6:51  Drone x5  
  106  6:57  Hydralisk x4  
  106  7:00  Overlord x3  
  106  7:01  Overlord  
  114  7:04  Overlord  
  114  7:06  Overlord  
  114  7:08  Overlord  
  113  7:16  Overlord x2  
  113  7:22  Hydralisk  
  113  7:23  Hydralisk x4  
  113  7:24  Overlord  
  113  7:26  Hydralisk x3  
  129  7:30  Hydralisk  
  129  7:32  Evolution Chamber  
  129  7:35  Muscular Augments  
  130  7:38  Hydralisk x4  
  130  7:41  Spore Crawler, Ravager x2  
  139  7:46  Hydralisk x3  
  145  8:04  Zerg Missile Weapons Level 1, Drone x12  
  157  8:07  Extractor  
  154  8:20  Swarm Host x7  
  154  8:25  Overseer  
  175  8:28  Overlord  
  175  8:29  Overlord  
  175  8:31  Overlord  
  175  8:37  Overlord  
  175  8:38  Swarm Host x4  
  184  8:43  Swarm Host  
  187  8:50  Swarm Host  
  187  8:54  Overlord x3  
  187  8:55  Drone x2  
  191  8:59  Hydralisk x4  
  196  9:08  Drone x7  
  199  9:18  Drone  
  199  9:20  Overlord  
  199  9:22  Overlord  
  192  9:33  Swarm Host x3  
  192  9:38  Hydralisk x2  
  199  9:48  Extractor  
  198  9:55  Hive  
  198  9:56  Spire  
  198  9:58  Queen  
  199  10:13  Hydralisk x7  
  188  10:14  Hatchery  
  188  10:20  Hydralisk  
  188  10:21  Hydralisk x3  
  178  10:29  Hydralisk  
  178  10:30  Zergling x18  
  182  10:41  Drone x6  
  188  10:45  Swarm Host x2  
  188  10:48  Zerg Missile Weapons Level 2  
  188  10:49  Drone x2  
  196  10:58  Swarm Host  
  199  11:05  Overseer  
  199  11:10  Evolution Chamber  
  185  11:45  Hydralisk x7  
  195  11:50  Spire  
  195  11:51  Hydralisk x6  
  199  11:58  Hydralisk x5  
  199  12:00  Zerg Ground Armor Level 1  
  198  12:08  Hydralisk x2  
  194  12:14  Hydralisk x2  
  200  12:18  Hydralisk  
  200  12:19  Zergling x6  
  200  12:24  Overlord  
  200  12:28  Hydralisk x2  
  197  12:35  Hydralisk, Zergling x4  
  197  12:36  Zergling x16  
  177  12:42  Hydralisk  
  159  12:51  Hydralisk x3  
  159  12:55  Hydralisk  
  165  13:06  Hydralisk x3  
  171  13:15  Hydralisk, Zergling x4  
  174  13:21  Hydralisk  
  172  13:31  Hydralisk  
  172  13:32  Hydralisk x2  
  167  13:39  Hydralisk  
  157  13:42  Hydralisk  
  155  13:49  Hydralisk x2  
  143  13:56  Hydralisk x2  
  143  14:00  Hydralisk  
  140  14:05  Hydralisk  
  140  14:09  Hydralisk  
  140  14:17  Hydralisk x2  
  144  14:26  Hydralisk x2  
  148  14:34  Hydralisk x2  
  152  14:39  Hydralisk  
  154  14:47  Hydralisk x2  
  154  14:50  Hydralisk  
  152  14:59  Hydralisk x2  
  150  15:04  Hydralisk  
  150  15:05  Zergling x4  
  154  15:07  Overseer  
  138  15:14  Hydralisk x2  
  136  15:24  Hydralisk x2  
  134  15:31  Hydralisk x2  
  133  15:37  Hydralisk  
  127  15:44  Hydralisk  
  129  15:50  Hydralisk  
  129  15:56  Hydralisk  
  132  16:02  Hydralisk x2  
  134  16:09  Hydralisk  
  136  16:16  Viper  
  136  16:26  Viper  
  137  16:36  Hydralisk x3  
  133  16:45  Hydralisk  
  135  16:49  Hydralisk  
  134  17:00  Hydralisk  
Tags
 
Add a new tag
Caveats
  • Supply blocks, unpowered buildings, or Contaminate may cause inaccurate times.
  • Supply counts are checked every 10 seconds.